 Dungeon Crawl Stone Soup version 0.16-a0-1029-gdfc7942 (webtiles) character file.

133320 Kashira the Fetichist (level 15, -2/62 HPs)
             Began as a Felid Ice Elementalist on Oct 3, 2014.
             Was the Champion of Yredelemnul.
             Blown up by a conjurer statue (29 damage)
             ... with a wavering orb of destruction
             ... in a wizard's laboratory on Oct 4, 2014.
             The game lasted 05:33:38 (70960 turns).

Kashira the Fetichist (Felid Ice Elementalist)     Turns: 70960, Time: 05:33:39

HP  -2/62        AC  6     Str 10      XL: 15   Next: 94%
MP  38/38        EV 26     Int 19      God: Yredelemnul [******]
Gold 2587        SH  0     Dex 17      Spells: 10 memorised,  5 levels left
Lives: 0, deaths: 3

rFire  . . .     SeeInvis +     (weapon unavailable)
rCold  + . .     Clarity  +     (armour unavailable)
rNeg   . . .     rCorr    .     (shield unavailable)
rPois  +         rRot     .     (helmet unavailable)
rElec  .         Spirit   .     (cloak unavailable)
SustAb .         Warding  .     (gloves unavailable)
rMut   .         Stasis   +     (boots unavailable)
Gourm  .                        x - amulet of stasis
MR     +++..                    j - ring "Smumnoic" {rPois MR+ Str+2}
                                H - ring of wizardry

@: quick, extremely resistant to hostile enchantments, very stealthy
A: paw claws, no armour, no weapons or thrown items, fangs 3, icy blue scales 1,
thin metallic scales 1, see invisible, carnivore 3, clarity, deformed body,
speed 1, frail 1, poison resistance, screaming 1, shaggy fur 3, slow metabolism
1, teleportitis 1, jump 3, placid magic 1
a: Jump Attack, Animate Dead, Recall Undead Slaves, Injury Mirror, Drain Life,
Enslave Soul, Renounce Religion
}: 2/15 runes: decaying, gossamer


You were in a wizard's laboratory.
You worshipped Yredelemnul.
Yredelemnul was exalted by your worship.
You were not hungry.

You visited 7 branches of the dungeon, and saw 40 of its levels.
You also visited: Labyrinth, Ice Cave and Wizlab.

You collected 3681 gold pieces.
You spent 1094 gold pieces at shops.

Inventory:

Magical devices
 b - a wand of cold (6)
 A - a wand of cold (12)
 L - a wand of digging (9)
Comestibles
 c - a slice of pizza
 d - 9 beef jerkies
 i - 3 royal jellies
Scrolls
 e - 8 scrolls of teleportation
 g - a scroll of identify
 h - a scroll of remove curse
 D - 5 scrolls of fear
 U - a scroll of blinking
Jewellery
 j - the ring "Smumnoic" (right paw) {rPois MR+ Str+2}
   (You bought it in a shop on level 3 of the Orcish Mines)

   [ring of protection from magic]

   It affects your strength (+2).
   It protects you from poison.
   It affects your resistance to hostile enchantments.
 q - an uncursed ring of flight
 x - an amulet of stasis (around neck)
 B - the amulet of Immorality {rCorr rF+ Slay+3}
   (You found it on level 1 of the Spider Nest)

   [amulet of resist corrosion]

   It protects you from acid and corrosion.
   It affects your accuracy and damage with ranged weapons and melee attacks
   (+3).
   It protects you from fire.
 H - a ring of wizardry (left paw)
 J - an uncursed ring of protection from cold
 M - an uncursed ring of teleport control
 Q - an uncursed ring of fire
Potions
 a - a potion of magic
 f - 3 potions of haste
 n - 3 potions of agility
 o - a potion of might
 p - a potion of cure mutation {unknown}
 u - 4 potions of heal wounds
 C - 2 potions of cancellation
 F - 7 potions of curing
 O - 3 potions of brilliance
Books
 z - a tome of Destruction
Miscellaneous
 k - a plain deck of defence {the Alchemist}
 m - a sack of spiders
 v - a plain deck of destruction {Cloud}
 N - a phial of floods
 S - a fan of gales


   Skills:
 - Level 10.0 Fighting
 - Level 10.0 Dodging
 - Level 10.8 Stealth
 + Level 14.5 Spellcasting
 - Level 11.4 Conjurations
 - Level 3.2 Charms
 - Level 11.0 Ice Magic
 - Level 10.1 Air Magic
 - Level 10.0 Invocations
 - Level 15.0 Evocations


You had 5 spell levels left.
You knew the following spells:

 Your Spells              Type           Power        Failure   Level  Hunger
a - Freeze                Ice            ####         0%          1    None
b - Sticky Flame          Conj/Fire      ###.....     1%          4    None
c - Ozocubu's Armour      Chrm/Ice       ####....     1%          3    None
d - Condensation Shield   Ice            #####.....   1%          4    None
e - Throw Icicle          Conj/Ice       #####...     1%          4    None
f - Shroud of Golubria    Chrm/Tloc      ##........   1%          2    None
g - Summon Ice Beast      Ice/Summ       ###.....     1%          4    None
h - Freezing Cloud        Conj/Ice/Air   #####.....   1%          6    #####..
i - Bolt of Draining      Conj/Necr      ###.......   2%          5    ###....
j - Dispel Undead         Necr           #.......     58%         5    ###....


Dungeon Overview and Level Annotations

Branches:
Dungeon (15/15)            Temple (1/1) D:7             Orc (4/4) D:11
    Elf (0/3) Orc:4          Lair (8/8) D:9           Swamp (5/5) Lair:3
 Spider (5/5) Lair:4       Vaults (2/5) D:14         Depths (0/5) D:15
  Slime: Lair:6-8     Crypt: Vaults:2-3

Altars:
Ashenzari
Cheibriados
Dithmenos
Elyvilon
Fedhas
Gozag
Kikubaaqudgha
Makhleb
Nemelex Xobeh
Okawaru
Qazlal
Ru
Sif Muna
Trog
Vehumet
Xom
Yredelemnul
Zin
The Shining One
Beogh

Shops:
D:4 %   D:5 *   D:6 =   D:7 [   Orc:3 =(?=   Orc:4 %[[(

Annotations:
D:8 TAS2012's ghost, experienced OpAs
D:13 exclusion: door
Lair:2 exclusion: oklob plant
Lair:8 exclusion: 2 oklob plants WizLab exclusion: 6 statues


Innate Abilities, Weirdness & Mutations

You cannot wear armour.
You are incapable of wielding weapons or throwing items.
Your paws have sharp claws.
You have razor-sharp teeth.
You have supernaturally acute eyesight.
You are carnivorous and can eat meat at any time.
You cover ground quickly.
Your thick and shaggy fur keeps you warm (AC +3, rC+).
You have a slow metabolism.
You can jump attack at a long distance.
You are partially covered in icy blue scales (AC +1).
You are partially covered in thin metallic scales (AC +2).
You possess an exceptional clarity of mind.
Your body is misshapen.
You are frail (-10% HP).
Your system is resistant to poisons.
You occasionally shout uncontrollably at your foes.
Space occasionally distorts in your vicinity.
Your spells are a little easier to cast, but a little less powerful.


Message History

The purple draconian breathes energy at you.
The bolt of dispelling energy hits you!
Ouch! That really hurt!
* * * LOW HITPOINT WARNING * * *
The deep elf mage points at you and mumbles some strange words.
The magic dart hits you!
* * * LOW HITPOINT WARNING * * *
Read which item? (? for menu, Esc to quit)
Okay, then.
Read which item? (? for menu, Esc to quit)
You cannot teleport because you are wearing an amulet of stasis.
The deep elf mage hits you with a dagger.
* * * LOW HITPOINT WARNING * * *
Drink which item? (? for menu, Esc to quit)
You feel much better.
The deep elf mage casts a spell.
The deep elf mage conjures a globe of magical energy!
The conjurer statue conjures an orb of pure magic.
The wavering orb of destruction weakly hits you!
You die...

# ## # ## ##
.#.#.#.##§##.#.
.#.#.#.#.#.#.#.#.
........§..#§§....
§........§d*§§.....
§..........§§8§.d....
§§.........ee@e.......
.....8.......#...#.....
............#.##.## ..
...........###. ..
..........#.#.# ###
..........#.#.#
#........###.####+###
.........e#.###.....##
.......##.# #.......#


You could see 2 draconians, a conjurer statue and 3 deep elf magi.

Vanquished Creatures
  A thorn hunter (Swamp:5)
  A vault warden (Vaults:1)
  A minotaur (Lab)
  4 hydras
  2 ironheart preservers (Vaults:1)
  4 ogre magi
  A centaur warrior (D:13)
  Erica (D:10)
  3 alligators
  A death yak (Lair:8)
  Nergalle (Lair:3)
  3 wizards (Vaults:1)
  5 orb spiders
  3 unseen horrors
  A spriggan druid (Swamp:5)
  6 swamp dragons
  2 ironbrand convokers (Vaults:1)
  10 hill giants
  A deep troll (Vaults:1)
  A manticore (D:15)
  A red wasp (Spider:1)
  3 cyclopes
  2 ugly things (D:11)
  An orc sorcerer (Orc:4)
  5 elephants
  A vault sentinel (Vaults:1)
  3 black mambas
  Psyche (Orc:4)
  16 spiny frogs
  5 yaktaurs
  A spiny frog (shapeshifter) (Vaults:1)
  7 komodo dragons
  A tengu conjurer (D:15)
  A blue devil (IceCv)
  A minotaur zombie (Lab)
  2 fire drakes
  An efreet (D:14)
  4 kobold demonologists
  6 jumping spiders
  5 polar bears (Lair:8)
  A fire drake (shapeshifter) (Vaults:1)
  5 trolls
  9 blink frogs
  3 fire vortices (D:14)
  3 ravens
  A giant leech (Swamp:2)
  A wind drake (shapeshifter) (Vaults:1)
  8 deep elf magi
  3 slime creatures
  7 two-headed ogres
  6 bog bodies
  A shadow (D:14)
  5 spriggans
  3 trapdoor spiders
  7 redbacks
  A basilisk (Lair:6)
  41 yaks
  4 tarantellas
  A wyvern (D:15)
  13 vampire mosquitoes
  4 fire bats (D:14)
  A deep elf fighter (D:14)
  2 fire elementals (D:14)
  A human (shapeshifter) (D:11)
  7 hippogriffs
  A hungry ghost (D:15)
  4 swamp worms
  Edmund (D:5)
  15 porcupines
  16 wolves
  A steam dragon (Lair:4)
  2 wargs (Orc:4)
  8 water moccasins
  3 swamp drakes
  15 orc warriors
  5 phantoms
  14 spiders
  8 ice beasts
  29 ogres
  A black bear (Lair:8)
  A hell hound (D:14)
  2 yellow wasps
  A necrophage (D:8)
  3 boggarts (Vaults:1)
  9 centaurs
  5 crocodiles
  A wyvern zombie (D:8)
  10 big kobolds
  20 giant frogs
  A yaktaur skeleton (D:15)
  11 insubstantial wisps
  A tengu zombie (D:11)
  3 scorpions
  An eye of draining (D:9)
  A troll skeleton (D:10)
  13 wights
  A killer bee (D:12)
  13 crimson imps
  An electric eel (Spider:4)
  3 gnoll shamans (D:10)
  10 hounds
  A draconian simulacrum (IceCv)
  A goliath beetle (D:7)
  2 lava snakes (D:14)
  A tengu skeleton (D:13)
  A centaur skeleton (D:11)
  A giant frog skeleton (D:5)
  3 jellies
  26 orc wizards
  18 orc priests
  13 worker ants
  3 iguanas
  An ogre zombie (D:9)
  6 sheep
  Jessica (D:2)
  A worker ant zombie (D:11)
  15 gnolls
  23 green rats
  A scorpion zombie (D:11)
  20 adders
  2 shadow imps
  A giant mite (D:5)
  3 worms
  6 giant geckos
  An ooze (D:7)
  111 orcs
  5 ball pythons
  16 goblins
  21 hobgoblins
  12 jackals
  26 kobolds
  12 quokkas
  20 bats
  3 giant cockroaches
  4 giant newts
  4 giant spores
  2 orc zombies
  10 rats
  A rat skeleton (D:5)
  12 ballistomycetes
901 creatures vanquished.

Vanquished Creatures (collateral kills)
  2 thorn hunters
  4 ghost moths
  Maud (Lair:7)
  6 emperor scorpions
  Gastronok (Orc:4)
  An orc warlord (Vaults:1)
  A very ugly thing (Swamp:4)
  Azrael (D:14)
  A spectral human (Vaults:1)
  2 fire dragons (Vaults:1)
  Josephine (D:13)
  3 yaktaur captains (Vaults:1)
  An ettin (D:15)
  2 ironheart preservers (Vaults:1)
  A rakshasa (D:13)
  Harold (Lair:7)
  16 hydras
  An anaconda (Swamp:3)
  6 shambling mangroves
  6 centaur warriors
  5 ogre magi
  2 dancing weapons (D:14)
  5 alligators
  2 orc high priests (Orc:3)
  A tengu warrior (D:15)
  4 death yaks
  A deep troll shaman (Vaults:1)
  A wizard (Vaults:1)
  An ice devil (Orc:3)
  7 orb spiders
  3 spriggan druids (Swamp:4)
  5 deep trolls
  2 fire crabs
  A lindwurm (Lair:8)
  4 harpies (Vaults:1)
  A giant orange brain (Vaults:1)
  9 hill giants
  16 swamp dragons
  6 ugly things
  7 orc knights
  3 ironbrand convokers (Vaults:1)
  A manticore (shapeshifter) (Vaults:1)
  23 wolf spiders
  4 griffons
  10 red wasps
  16 slime creatures
  7 cyclopes
  11 elephants
  A sixfirhy (Orc:3)
  2 moths of wrath
  Maurice (Orc:3)
  8 black mambas
  12 spiny frogs
  Joseph (Orc:4)
  4 vault sentinels (Vaults:1)
  3 yaktaurs (Vaults:1)
  4 komodo dragons
  A fire drake (Lair:7)
  2 freezing wraiths
  2 boulder beetles
  22 demonic crawlers
  A blue devil (D:11)
  3 giant leeches
  23 jumping spiders
  8 trolls (Orc:4)
  6 two-headed ogres
  7 polar bears
  8 blink frogs
  10 bog bodies
  16 ravens
  3 baby alligators (Swamp:1)
  A hydra skeleton (D:13)
  2 basilisks
  11 tarantellas
  21 trapdoor spiders
  A shadow (Swamp:5)
  A griffon skeleton (D:12)
  18 spriggans
  35 yaks
  A fire elemental (D:14)
  15 redbacks
  A hill giant zombie (D:13)
  A deep elf fighter (D:14)
  2 wyverns
  2 wargs
  6 hippogriffs
  A hill giant skeleton (D:13)
  16 vampire mosquitoes
  14 swamp worms
  A tengu zombie (D:13)
  A deep troll zombie (D:13)
  A hell hound (D:14)
  14 water moccasins
  13 wolves
  9 swamp drakes
  15 orc warriors
  3 ice beasts
  2 black bears (Lair:8)
  3 centaurs (D:11)
  6 porcupines
  19 spiders
  23 yellow wasps
  A manticore skeleton (D:14)
  An orc skeleton (D:13)
  25 ogres
  A human zombie (Vaults:1)
  3 big kobolds
  A boring beetle (Lair:7)
  5 crocodiles
  A wyvern zombie (D:13)
  8 giant frogs
  33 insubstantial wisps
  An eye of draining (D:13)
  2 scorpions
  A troll zombie (D:12)
  6 wights
  A cyclops skeleton (D:13)
  8 killer bees (D:12)
  3 electric eels (Lair:4)
  A jelly (D:15)
  9 orc priests
  A hound (Lair:5)
  An iguana (Lair:6)
  6 orc wizards
  9 sheep
  An ogre zombie (Orc:3)
  51 green rats
  11 adders
  2 shadow imps
  60 orcs
  A goblin (Orc:4)
  A hobgoblin (Orc:3)
  4 kobolds (D:13)
  5 ball pythons (Swamp:3)
  2 orc zombies
  A quokka (Lair:3)
  6 ballistomycetes
  2 briar patches (Swamp:3)
  24 fungi
  12 plants
934 creatures vanquished.

Vanquished Creatures (others)
  A spectral orc (Orc:4)
  The ghost of SnowFan the Destroyer, a powerful SpCj of Vehumet (D:15)
  2 ghouls
  A spectral guardian serpent (Swamp:4)
  6 skeletal warriors
  4 flayed ghosts
  A wolf spider zombie (Spider:5)
  5 phantasmal warriors
  An emperor scorpion zombie (Spider:5)
  A yaktaur zombie (Vaults:1)
  2 redback zombies
  A swamp worm zombie (Swamp:4)
  2 water elementals (Orc:4)
  4 demonic crawler zombies
  A hydra zombie (Swamp:5)
  2 jumping spider zombies
  3 red wasp zombies (Spider:5)
  5 trapdoor spider zombies
  14 flying skulls
  4 tarantella zombies
  A deep elf mage (WizLab)
  4 vampires
  3 hill giant zombies
  A wraith (Lair:8)
  A swamp worm (Swamp:5)
  4 raven zombies
  2 spiny frog zombies
  3 orb spider zombies
  4 ice beasts
  6 swamp dragon zombies
  A spectral kobold (D:13)
  7 vampire mosquito zombies
  A blink frog skeleton (Lair:7)
  9 spider zombies
  A water moccasin zombie (Lair:7)
  9 yak zombies
  A hippogriff zombie (Lair:8)
  2 polar bear zombies (Lair:8)
  A spriggan zombie (Lair:8)
  A wight (D:11)
  2 troll zombies (Orc:4)
  5 wolf zombies
  An elf zombie (D:14)
  4 two-headed ogre zombies
  2 centaur zombies
  4 giant frog zombies
  2 porcupine zombies
  6 yellow wasp zombies
  4 bog body skeletons
  A human skeleton (Swamp:1)
  A big kobold zombie (D:13)
  A crocodile zombie (Lair:7)
  7 ogre zombies
  4 human zombies
  2 swamp drake zombies
  2 scorpion zombies
  4 sheep zombies
  2 adder zombies
  A sheep skeleton (Lair:7)
  8 green rat zombies
  2 ball python zombies (Swamp:3)
  A giant spore (D:11)
  A hobgoblin zombie (D:11)
  A jackal zombie (D:11)
  3 kobold zombies
  4 orc skeletons
  32 orc zombies
  2 quokka zombies (Lair:1)
  A ballistomycete (D:11)
  33 fungi
  20 plants
286 creatures vanquished.

Grand Total: 2121 creatures vanquished

Notes
Turn   | Place    | Note
--------------------------------------------------------------
     0 | D:1      | Kashira, the Felid Ice Elementalist, began the quest for the Orb.
     0 | D:1      | Reached XP level 1. HP: 7/7 MP: 4/4
   666 | D:1      | Reached XP level 2. HP: 11/11 MP: 4/6
   689 | D:1      | Learned a level 2 spell: Throw Frost
  1751 | D:2      | Found a glowing golden altar of the Shining One.
  1829 | D:2      | Reached skill level 3 in Spellcasting
  1916 | D:2      | Reached XP level 3. HP: 12/14 MP: 6/9
  2233 | D:2      | Noticed Jessica
  2770 | D:2      | Killed Jessica
  2770 | D:2      | Reached skill level 1 in Conjurations
  2919 | D:3      | Reached XP level 4. HP: 6/18 MP: 5/13
  2923 | D:3      | Noticed an orc warrior
  3134 | D:2      | Learned a level 3 spell: Ozocubu's Armour
  3146 | D:2      | Reached skill level 4 in Spellcasting
  4112 | D:3      | Reached XP level 5. HP: 10/21 MP: 7/17
  4379 | D:3      | Killed an orc warrior
  4379 | D:3      | Reached skill level 5 in Spellcasting
  5055 | D:4      | Gained mutation: You are covered in thick fur (AC +2). [growing up]
  5055 | D:4      | Gained mutation: You can jump attack at a medium distance. [growing up]
  5055 | D:4      | Reached XP level 6. HP: 24/24 MP: 7/20
  5542 | D:4      | Noticed an ogre
  5549 | D:4      | Killed an ogre
  5549 | D:4      | Reached skill level 6 in Spellcasting
  5620 | D:4      | Learned a level 4 spell: Condensation Shield
  5625 | D:4      | Learned a level 4 spell: Throw Icicle
  5705 | D:4      | Found Ahadiuz's Food Shoppe.
  6060 | D:4      | Noticed an ogre
  6066 | D:4      | Killed an ogre
  6066 | D:4      | Reached XP level 7. HP: 27/27 MP: 12/23
  6365 | D:5      | Entered Level 5 of the Dungeon
  6500 | D:5      | Noticed Edmund
  6515 | D:5      | Killed Edmund
  6800 | D:5      | Found Vostranu's Assorted Antiques.
  7822 | D:5      | Reached XP level 8. HP: 24/31 MP: 14/24
  8000 | D:5      | Reached skill level 5 in Conjurations
  8557 | D:6      | Reached skill level 5 in Ice Magic
  8643 | D:6      | Found a sparkling altar of Nemelex Xobeh.
  8644 | D:6      | Found an ancient bone altar of Kikubaaqudgha.
  8834 | D:6      | Found Gham's Jewellery Shop.
  9498 | D:6      | Found a sacrificial altar of Ru.
  9505 | D:6      | Found a deep blue altar of Sif Muna.
  9507 | D:6      | Found a shimmering altar of Xom.
 10305 | D:7      | Found a staircase to the Ecumenical Temple.
 10318 | Temple   | Entered the Ecumenical Temple
 10381 | Temple   | Became a worshipper of Yredelemnul the Dark
 10433 | D:7      | Reached XP level 9. HP: 34/34 MP: 11/25
 10631 | D:7      | Found Skoox's Antique Armour Emporium.
 10659 | D:7      | Reached skill level 7 in Conjurations
 10903 | D:8      | Noticed TAS2012's ghost (experienced OpAs)
 12536 | D:8      | Found a glowing golden altar of the Shining One.
 13381 | D:9      | Found a white marble altar of Elyvilon.
 13527 | D:9      | Acquired Yredelemnul's first power
 13676 | D:9      | Found a staircase to the Lair.
 13706 | D:9      | Reached skill level 8 in Ice Magic
 14046 | D:6      | Bought an uncursed ring of wizardry for 330 gold pieces
 14345 | D:9      | Reached skill level 1 in Fighting
 15239 | D:10     | Entered Level 10 of the Dungeon
 15612 | D:10     | Noticed a hill giant
 15621 | D:10     | Demolished by a hill giant
 15622 | D:10     | Reached XP level 8. HP: -17/36 MP: 6/25
 15626 | D:10     | Reached XP level 9. HP: 31/39 MP: 19/27
 15722 | D:10     | Killed a hill giant
 15722 | D:10     | Reached skill level 5 in Fighting
 16143 | D:10     | Noticed Erica
 16516 | D:10     | Reached skill level 1 in Evocations
 17069 | D:10     | Acquired Yredelemnul's second power
 17603 | D:10     | Reached skill level 5 in Evocations
 17873 | D:10     | Reached XP level 10. HP: 45/45 MP: 11/28
 18096 | D:10     | Reached skill level 5 in Stealth
 18253 | D:10     | Noticed a hill giant
 19101 | D:10     | Killed Erica
 19274 | D:10     | Killed a hill giant
 19274 | D:10     | Reached skill level 9 in Stealth
 19483 | D:11     | Noticed an unseen horror
 19737 | D:11     | Noticed a brown ugly thing
 19776 | D:11     | Killed a brown ugly thing
 19776 | D:11     | Reached skill level 10 in Stealth
 20728 | D:11     | Noticed Sonja
 20764 | D:11     | Noticed a hill giant
 20774 | D:11     | Killed a hill giant
 20916 | D:11     | Reached XP level 11. HP: 45/48 MP: 4/29
 20936 | D:11     | Gained mutation: You possess an exceptional clarity of mind. [mutagenic meat]
 21473 | D:11     | Acquired Yredelemnul's third power
 21798 | D:11     | Killed an unseen horror
 21798 | D:11     | Reached skill level 5 in Invocations
 22026 | D:11     | Found a staircase to the Orcish Mines.
 22213 | D:11     | Received a gift from Yredelemnul
 22253 | D:11     | Upgraded the game from 0.16-a0-1009-g0339a9e to 0.16-a0-1029-gdfc7942
 22450 | D:11     | Reached skill level 5 in Dodging
 22451 | D:11     | Noticed a hill giant
 23220 | Orc:1    | Entered Level 1 of the Orcish Mines
 23220 | Orc:1    | Found a frozen archway.
 23343 | IceCv    | Entered an ice cave
 24044 | IceCv    | Gained mutation: You evolve. [potion of beneficial mutation]
 24057 | IceCv    | Noticed an ice statue
 24105 | IceCv    | HP: 1/48 [blue devil (16)]
 24260 | D:11     | Noticed a hill giant
 24387 | D:11     | Killed a hill giant
 24669 | D:11     | Killed a hill giant
 25086 | Orc:1    | Reached skill level 10 in Dodging
 25227 | Orc:1    | Learned a level 2 spell: Shroud of Golubria
 25232 | Orc:1    | Learned a level 4 spell: Summon Ice Beast
 25537 | Orc:1    | Found a roughly hewn altar of Beogh.
 25718 | Orc:1    | Received a gift from Yredelemnul
 25822 | Orc:2    | Acquired Yredelemnul's fourth power
 25835 | Orc:2    | Found an iron altar of Okawaru.
 25931 | Orc:2    | Received a gift from Yredelemnul
 26329 | Orc:2    | Gained mutation: You heal slowly when monsters are visible. [evolution]
 26425 | Orc:3    | Found Usak's Magic Scroll Shop.
 26533 | Orc:3    | Bought a scroll of enchant armour for 112 gold pieces
 26533 | Orc:3    | Bought a scroll of noise for 15 gold pieces
 26533 | Orc:3    | Bought a scroll of enchant weapon for 112 gold pieces
 26638 | Orc:3    | Found Asoiwi Lasa's Jewellery Shop.
 26718 | Orc:3    | Found Zetsal's Jewellery Boutique.
 26719 | Orc:3    | Found Qafof's Weapon Shoppe.
 26733 | Orc:3    | Noticed an orc high priest
 26735 | Orc:3    | Noticed an ice devil
 26771 | Orc:3    | Killed an ice devil
 26778 | Orc:3    | Killed an orc high priest
 26858 | Orc:4    | Entered Level 4 of the Orcish Mines
 26860 | Orc:4    | Noticed Psyche
 26864 | Orc:4    | Killed Psyche
 26864 | Orc:4    | Gained mutation: Your thick and shaggy fur keeps you warm (AC +3, rC+). [growing up]
 26864 | Orc:4    | Gained mutation: You can jump attack at a long distance. [growing up]
 26864 | Orc:4    | Reached XP level 12. HP: 52/52 MP: 8/31
 27217 | Orc:4    | Noticed Joseph
 27225 | Orc:4    | Killed Joseph
 27242 | Orc:4    | Found a staircase to the Elven Halls.
 27274 | Orc:4    | Noticed Saint Roka
 27326 | Orc:3    | Bought the ring "Smumnoic" {rPois MR+ Str+2} for 525 gold pieces
 27596 | Lair:1   | Entered Level 1 of the Lair of Beasts
 27991 | Lair:1   | Received a gift from Yredelemnul
 28247 | Lair:1   | Reached skill level 10 in Spellcasting
 28995 | Lair:1   | Noticed an eight-headed hydra
 29004 | Lair:1   | Killed an eight-headed hydra
 29065 | Lair:1   | Received a gift from Yredelemnul
 29401 | Lair:1   | Reached skill level 11 in Spellcasting
 29696 | Lair:2   | Received a gift from Yredelemnul
 29851 | Lair:2   | Found a blossoming altar of Fedhas.
 30765 | Lair:2   | Acquired Yredelemnul's fifth power
 31075 | Lair:2   | Received a gift from Yredelemnul
 31290 | Lair:3   | Reached skill level 12 in Spellcasting
 31504 | Lair:3   | Noticed Nergalle
 31516 | Lair:3   | Killed Nergalle
 31673 | Lair:3   | Reached XP level 13. HP: 55/55 MP: 19/35
 31902 | Lair:3   | Received a gift from Yredelemnul
 32163 | Lair:3   | Received a gift from Yredelemnul
 32252 | Lair:3   | Found a shadowy altar of Dithmenos.
 32550 | Lair:3   | Found a staircase to the Swamp.
 32906 | Lair:4   | Received a gift from Yredelemnul
 33203 | Lair:4   | Lost mutation: You heal slowly when monsters are visible. [evolution]
 33395 | Lair:4   | Found a hole to the Spider Nest.
 33772 | Lair:4   | Received a gift from Yredelemnul
 34685 | Lair:5   | Found a labyrinth entrance.
 34696 | Lab      | Entered a labyrinth
 35269 | Lab      | Got a warped lead ring
 35269 | Lab      | Got a scintillating pewter amulet
 36224 | Lair:5   | Reached skill level 10 in Fighting
 37252 | Lair:6   | Received a gift from Yredelemnul
 37479 | Lair:6   | Identified the ring "Xaumuqiq" {rN+ MR+} (You found it in a labyrinth)
 37483 | Lair:6   | Identified the amulet "Pryhi" {Faith Int+2} (You found it in a labyrinth)
 38408 | Lair:7   | Noticed Harold
 38460 | Lair:7   | Received a gift from Yredelemnul
 38703 | Lair:8   | Entered Level 8 of the Lair of Beasts
 38895 | Lair:8   | Reached skill level 10 in Evocations
 39480 | Lair:8   | Received a gift from Yredelemnul
 39486 | Lair:8   | Reached XP level 14. HP: 64/66 MP: 3/35
 39980 | Lair:8   | Gained mutation: You are partially covered in thin metallic scales (AC +2). [evolution]
 40231 | Lair:8   | Received a gift from Yredelemnul
 40848 | Lair:8   | Received a gift from Yredelemnul
 41702 | Lair:7   | Reached skill level 10 in Invocations
 41735 | Lair:7   | Noticed Maud
 41744 | Lair:7   | Killed Maud
 41982 | Lair:7   | Killed Harold
 43217 | Orc:3    | Received a gift from Yredelemnul
 43268 | Orc:3    | Noticed Maurice
 43282 | Orc:3    | Killed Maurice
 43469 | Orc:3    | Your ally Maurice died
 43470 | Orc:3    | Noticed an orc high priest
 43483 | Orc:3    | Killed an orc high priest
 43539 | Orc:3    | Found a roughly hewn altar of Beogh.
 43941 | Orc:4    | Received a gift from Yredelemnul
 43952 | Orc:4    | Killed Saint Roka
 43952 | Orc:4    | Enslaved Saint Roka
 44160 | Orc:4    | Noticed Gastronok
 44165 | Orc:4    | Noticed a hill giant
 44165 | Orc:4    | Noticed a hill giant
 44167 | Orc:4    | Noticed an ogre mage
 44170 | Orc:4    | Noticed a deep troll
 44171 | Orc:4    | Killed Gastronok
 44174 | Orc:4    | Killed a hill giant
 44179 | Orc:4    | Found Khiocsa's Antique Armour Shop.
 44179 | Orc:4    | Killed an ogre mage
 44182 | Orc:4    | Killed a deep troll
 44183 | Orc:4    | Received a gift from Yredelemnul
 44187 | Orc:4    | Noticed an ogre mage
 44188 | Orc:4    | Reached skill level 10 in Ice Magic
 44189 | Orc:4    | Found Miabouta's Antique Weapon Emporium.
 44192 | Orc:4    | Killed a hill giant
 44193 | Orc:4    | Noticed a deep troll
 44196 | Orc:4    | Your ally Saint Roka died
 44196 | Orc:4    | Your ally Psyche died
 44200 | Orc:4    | Killed an ogre mage
 44215 | Orc:4    | Killed a deep troll
 44218 | Orc:4    | Received a gift from Yredelemnul
 44236 | Orc:4    | Found Itusick's Food Emporium.
 44238 | Orc:4    | Found Qefruvoc's Armour Shoppe.
 44704 | Swamp:1  | Entered Level 1 of the Swamp
 45845 | Swamp:1  | Gained mutation: You have a pair of small horns on your head. [evolution]
 45845 | Swamp:1  | Lost mutation: You evolve. [end of evolution]
 45954 | Swamp:1  | Reached XP level 15. HP: 69/69 MP: 19/36
 46258 | Swamp:2  | Noticed Aizul
 46921 | Swamp:2  | Received a gift from Yredelemnul
 46987 | Swamp:2  | HP: 2/69 [eight-headed hydra (13)]
 47345 | Swamp:2  | Killed Aizul
 47345 | Swamp:2  | Enslaved Aizul
 47520 | Swamp:2  | Gained mutation: Space occasionally distorts in your vicinity. [potion of mutation]
 47520 | Swamp:2  | Gained mutation: Your flesh is heat resistant. [potion of mutation]
 47520 | Swamp:2  | Gained mutation: You are partially covered in icy blue scales (AC +1). [potion of mutation]
 48577 | Swamp:3  | Noticed a thorn hunter
 48584 | Swamp:3  | Killed a thorn hunter
 48762 | Swamp:3  | Reached skill level 13 in Evocations
 50068 | Swamp:4  | Reached skill level 14 in Evocations
 50072 | Swamp:4  | Your ally Aizul died
 52553 | Swamp:5  | Entered Level 5 of the Swamp
 52568 | Swamp:4  | Reached skill level 15 in Evocations
 53268 | Swamp:5  | Received a gift from Yredelemnul
 53456 | Swamp:5  | Got a decaying rune of Zot
 53474 | Swamp:5  | Noticed a thorn hunter
 53481 | Swamp:5  | Killed a thorn hunter
 53489 | Swamp:5  | Received a gift from Yredelemnul
 54035 | Swamp:5  | Reached XP level 16. HP: 73/73 MP: 2/37
 54370 | Swamp:5  | Noticed a thorn hunter
 54377 | Swamp:5  | Killed a thorn hunter
 54677 | Swamp:4  | Received a gift from Yredelemnul
 54801 | Spider:1 | Entered Level 1 of the Spider Nest
 54863 | Spider:1 | Identified a scroll of acquirement
 54930 | Spider:1 | Reached skill level 10 in Conjurations
 55172 | Spider:1 | Received a gift from Yredelemnul
 55179 | Spider:1 | Got a fine diamond amulet
 55231 | Spider:1 | Identified the amulet of Immorality {rCorr rF+ Slay+3} (You found it on level 1 of the Spider Nest)
 56305 | Spider:2 | Received a gift from Yredelemnul
 56323 | Spider:2 | Learned a level 4 spell: Sticky Flame
 57018 | Spider:2 | Received a gift from Yredelemnul
 57530 | Spider:3 | Received a gift from Yredelemnul
 57598 | Spider:3 | Reached skill level 1 in Charms
 58234 | Spider:4 | Learned a level 6 spell: Freezing Cloud
 58331 | Spider:4 | Reached skill level 1 in Air Magic
 58383 | Spider:4 | Received a gift from Yredelemnul
 58941 | Spider:5 | Entered Level 5 of the Spider Nest
 59513 | Spider:5 | Reached skill level 5 in Air Magic
 59787 | Spider:5 | Got a gossamer rune of Zot
 60108 | Spider:5 | Gained mutation: Your body is misshapen. [mutagenic meat]
 60109 | Spider:5 | Gained mutation: You occasionally shout uncontrollably at your foes. [mutagenic meat]
 60794 | D:11     | Killed Sonja
 60794 | D:11     | Enslaved Sonja
 61714 | D:13     | Received a gift from Yredelemnul
 61988 | D:13     | Noticed Josephine
 61988 | D:13     | Your ally Sonja died
 61989 | D:13     | Got a pitted turquoise ring
 61991 | D:13     | Killed Josephine
 62713 | D:13     | Found a shimmering altar of Xom.
 62716 | D:13     | Found a shimmering altar of Xom.
 62716 | D:13     | Found a shimmering altar of Xom.
 62716 | D:13     | Found a shimmering altar of Xom.
 62716 | D:13     | Found a shimmering altar of Xom.
 62717 | D:13     | Found a shimmering altar of Xom.
 62922 | D:13     | Found a bloodstained altar of Trog.
 63041 | D:13     | Found an iron altar of Okawaru.
 63042 | D:13     | Found an iron altar of Okawaru.
 63048 | D:13     | Your ally Josephine died
 63363 | D:14     | Reached XP level 17. HP: 76/76 MP: 24/38
 63369 | D:14     | Found a gate to the Vaults.
 63559 | D:14     | Noticed Azrael
 63719 | D:14     | Killed Azrael
 64205 | D:14     | Gained mutation: You heal slowly when monsters are visible. [mutagenic meat]
 64206 | D:14     | Lost mutation: You have a pair of small horns on your head. [mutagenic meat]
 65045 | D:14     | Noticed Rupert
 65058 | D:14     | Killed Rupert
 65058 | D:14     | Enslaved Rupert
 65340 | D:15     | Entered Level 15 of the Dungeon
 65591 | D:15     | Identified the ring "Chuogut" {rPois Int+4} (You found it on level 13 of the Dungeon)
 65687 | D:15     | Noticed SnowFan's ghost (powerful SpCj)
 65694 | D:15     | Killed SnowFan's ghost
 66150 | D:15     | Found a staircase to the Depths.
 66155 | D:15     | Reached skill level 10 in Air Magic
 66765 | Vaults:1 | Entered Level 1 of the Vaults
 66890 | Vaults:1 | Gained mutation: You can breathe flames. [mutagenic meat]
 66891 | Vaults:1 | Lost mutation: Your flesh is heat resistant. [mutagenic meat]
 66899 | Vaults:1 | Gained mutation: You are agile. (Dex +2) [mutagenic meat]
 66908 | Vaults:1 | Lost mutation: You are agile. (Dex +2) [mutagenic meat]
 66909 | Vaults:1 | Gained mutation: Your spells are a little easier to cast, but a little less powerful. [mutagenic meat]
 67096 | Lair:2   | Learned a level 5 spell: Bolt of Draining
 67102 | Lair:2   | Learned a level 5 spell: Dispel Undead
 67282 | Vaults:1 | Received a gift from Yredelemnul
 68061 | Vaults:1 | Received a gift from Yredelemnul
 68094 | Vaults:1 | Lost mutation: You heal slowly when monsters are visible. [mutagenic meat]
 68243 | Vaults:1 | Gained mutation: Your system is resistant to poisons. [mutagenic meat]
 68244 | Vaults:1 | Gained mutation: You are frail (-10% HP). [mutagenic meat]
 68245 | Vaults:1 | Lost mutation: You can breathe flames. [mutagenic meat]
 68286 | Vaults:1 | Your ally Rupert died
 70392 | Vaults:1 | Received a gift from Yredelemnul
 70698 | Vaults:2 | Found a magical portal.
 70708 | WizLab   | Entered Iskenderun's Mystic Tower
 70932 | WizLab   | Blown up by a conjurer statue
 70933 | WizLab   | Reached XP level 16. HP: -3/65 MP: 12/38
 70957 | WizLab   | Blown up by a conjurer statue
 70958 | WizLab   | Reached XP level 15. HP: -17/62 MP: 27/38
 70960 | WizLab   | Blown up by a conjurer statue

Action                   |  1- 3 |  4- 6 |  7- 9 | 10-12 | 13-15 | 16-18 || total
-------------------------+-------+-------+-------+-------+-------+-------++-------
Melee: Unarmed           |     7 |     1 |    26 |   207 |    56 |    20 ||   317
 Cast: Freeze            |    62 |    64 |   183 |   317 |   357 |    53 ||  1036
       Throw Frost       |     7 |    65 |   258 |   152 |    40 |       ||   522
       Ozocubu's Armour  |       |     3 |    10 |    21 |    33 |    33 ||   100
       Throw Icicle      |       |       |   158 |   317 |   558 |   356 ||  1389
       Condensation Shie |       |       |     6 |    17 |    23 |    32 ||    78
       Shroud of Golubri |       |       |       |     6 |    26 |    36 ||    68
       Summon Ice Beast  |       |       |       |     2 |     9 |       ||    11
       Freezing Cloud    |       |       |       |       |       |    72 ||    72
       Sticky Flame      |       |       |       |       |       |     1 ||     1
Invok: Animate Remains   |       |       |       |    10 |       |       ||    10
       Animate Dead      |       |       |       |    48 |   121 |    98 ||   267
       Recall Undead Sla |       |       |       |    10 |    45 |    55 ||   110
       Enslave Soul      |       |       |       |     1 |     2 |     2 ||     5
       Injury Mirror     |       |       |       |     1 |     2 |     1 ||     4
       Stop Recall       |       |       |       |       |     1 |       ||     1
 Abil: Jump Attack       |     4 |     1 |     8 |    15 |     1 |     2 ||    31
       Evoke Flight      |       |       |       |       |     2 |     1 ||     3
       Stop Flying       |       |       |       |       |       |     1 ||     1
       Breathe Fire      |       |       |       |       |       |     2 ||     2
Evoke: Wand              |     2 |       |    25 |    19 |    11 |     1 ||    58
       Phial of floods   |       |       |       |     2 |     2 |       ||     4
  Use: Scroll            |     1 |     2 |     4 |     9 |    15 |    10 ||    41
       Potion            |     1 |       |     2 |     8 |     6 |     1 ||    18
 Stab: Distracted        |       |       |       |     2 |     2 |       ||     4
       Sleeping          |       |       |       |       |     2 |       ||     2
  Eat: Chunk             |    12 |     5 |    41 |    69 |    67 |    89 ||   283
       Pizza             |       |       |       |     2 |       |       ||     2
       Meat ration       |       |       |       |     1 |       |     1 ||     2
